 Dungeon Crawl Stone Soup version 0.20.0-14-g326068f (webtiles) character file.

182 Chiseanne the Grave Robber (level 5, -12/41 HPs)
             Began as a Demonspawn Wanderer on June 8, 2017.
             Mangled by an ogre
             ... wielding a +0 giant club
              (18 damage)
             ... on level 4 of the Dungeon.
             The game lasted 00:05:08 (3228 turns).

Chiseanne the Grave Robber (Demonspawn Wanderer)    Turns: 3228, Time: 00:05:08

Health: -12/41     AC:  7    Str: 15    XL:     5   Next: 34%
Magic:  6/6        EV: 10    Int: 14    God:
Gold:   130        SH:  0    Dex: 10    Spells: 6/6 levels left

rFire    . . .     SeeInvis .   a - +2 dagger (freeze)
rCold    . . .     Gourm    .   (no shield)
rNeg     . . .     Faith    .   o - +0 scale mail
rPois    .         Spirit   .   (no helmet)
rElec    .         Reflect  .   (no cloak)
rCorr    .         Harm     .   r - +0 pair of gloves
MR       .....                  (no boots)
Stlth    ..........             (no amulet)
Regen    0.2/turn               (no ring)
MPRegen  0.1/turn               (no ring)

@: no status effects
A: hooves 1
a: no special abilities


You were on level 4 of the Dungeon.
You were not hungry.

You visited 1 branch of the dungeon, and saw 4 of its levels.

You collected 130 gold pieces.

Inventory:

Hand Weapons
 a - a +2 dagger of freezing (weapon)
Missiles
 d - 51 bolts
 i - 100 stones (quivered)
 j - a throwing net
 k - 9 poisoned needles
 l - 69 arrows
 s - 5 tomahawks
Armour
 o - a +0 scale mail (worn)
 r - a +0 pair of gloves (worn)
Jewellery
 v - an uncursed ring of fire
Scrolls
 e - 2 scrolls of teleportation
 w - a scroll of immolation
Potions
 c - a potion of lignification
 g - a potion of mutation
 h - 2 potions of magic {unknown}
 t - a potion of curing {unknown}
Books
 b - the Volume of Darkness

   Spells                             Type                      Level
   a - Animate Skeleton               Necromancy                   1
   b - Regeneration                   Charms/Necromancy            3
 m - a book of Conjurations

   Spells                             Type                      Level
   a - Magic Dart                     Conjuration                  1
   b - Searing Ray                    Conjuration                  2
   c - Dazzling Spray                 Conjuration/Hexes            3
   d - Fulminant Prism                Conjuration/Hexes            4
   e - Force Lance                    Conjuration/Translocation    4
   f - Iskenderun's Mystic Blast      Conjuration                  4
Comestibles
 f - 2 bread rations
 n - a meat ration
 p - 2 royal jellies
 q - 4 chunks of flesh


   Skills:
 * Level 3.1 Fighting
   Level 1.7 Polearms
 * Level 2.0 Armour
 * Level 2.9 Dodging
 - Level 1.0 Spellcasting
   Level 1.0 Summonings
   Level 3.2 Necromancy
   Level 2.0 Evocations


You had 6 spell levels left.
You didn't know any spells.

Dungeon Overview and Level Annotations

Branches:
Dungeon (4/15)
 Temple: D:4-7

Altars:

Annotations:
D:4 2d6's ghost, amateur GrMo


Innate Abilities, Weirdness & Mutations

You have large cloven feet.


Message History

You kill the orc!
Eat one of 5 chunks of flesh? (ye/n/q)
You eat one of the 5 chunks of flesh.
This raw flesh tastes terrible.
You hit the ogre. You freeze the ogre. You kick the ogre, but do no damage.
The ogre is lightly wounded.
The ogre closely misses you.
You hit the ogre. You freeze the ogre.
The ogre is moderately wounded.
The ogre closely misses you.
Your scale mail prevents you from hitting the ogre.
The ogre is moderately wounded.
You hit the ogre. You freeze the ogre.
The ogre is heavily wounded.
The ogre hits you with a giant club!!
Ouch! That really hurt!
* * * LOW HITPOINT WARNING * * *
You hit the ogre. You freeze the ogre. Your kick misses the ogre.
The ogre is heavily wounded.
The ogre hits you with a giant club!!
You die...

#...........
#.######.##.###.#.#
.........##.# .#.#
..#######...###
##.....#.. .
#......... ...
##.รท.......
.....#####.........#
......O@..........##
.....###............
#.. ..............#
# #.##.............
#...........[##
...#..........#
#.####........## #.
#........#


You could see an ogre.

Vanquished Creatures
  An orc wizard (D:4)
  A centaur skeleton (D:3)
  5 adders
  3 dart slugs
  3 leopard geckos
  3 orcs
  2 ball pythons
  8 bats
  5 giant cockroaches
  4 goblins
  7 hobgoblins
  13 jackals
  5 frilled lizards
  3 kobolds (D:1)
  A leopard gecko skeleton (D:4)
  4 rats
68 creatures vanquished.

Notes
Turn   | Place    | Note
-------+----------+-------------------------------------------
     0 | D:1      | Chiseanne the Demonspawn Wanderer began the quest for the Orb.
     0 | D:1      | Chiseanne set off with: a +2 spear, the Volume of Darkness, a potion of lignification, a +0 robe, a bread ration
     0 | D:1      | Reached XP level 1. HP: 15/15 MP: 2/2
     1 | D:1      | Identified the Volume of Darkness
   324 | D:1      | Reached skill level 1 in Dodging
   377 | D:1      | Gained mutation: You have large cloven feet. [demonic ancestry]
   377 | D:1      | Reached XP level 2. HP: 21/21 MP: 3/3
   854 | D:1      | Reached XP level 3. HP: 26/27 MP: 4/4
  1388 | D:2      | Reached skill level 1 in Armour
  1783 | D:2      | Reached XP level 4. HP: 31/34 MP: 5/5
  2861 | D:4      | Noticed an ogre
  2861 | D:4      | Noticed 2d6's ghost (amateur GrMo)
  3156 | D:4      | Reached XP level 5. HP: 36/40 MP: 6/6
  3198 | D:4      | Noticed an ogre
  3228 | D:4      | Mangled by an ogre

Skill      XL: |  1  2  3  4  5 |
---------------+----------------+-----
Dodging        | 1 2 |  2.9
Fighting       | 2 3 |  3.1
Armour         | 1 2 |  2.0
Polearms       | |  1.7
Spellcasting   | |  1.0
Summonings     | |  1.0
Necromancy     | |  3.2
Evocations     | |  2.0

Action                   |  1- 3 |  4- 6 || total
-------------------------+-------+-------++-------
Melee: Spear             |    61 |       ||    61
       Dagger            |    67 |   131 ||   198
       Kick              |    16 |    27 ||    43
  Use: Scroll            |     1 |     6 ||     7
  Eat: Chunk             |     2 |     6 ||     8
Armor: Robe              |     8 |       ||     8
       Ring mail         |     8 |       ||     8
       Scale mail        |    41 |    66 ||   107
Dodge: Dodged            |    70 |    74 ||   144
